 Dungeon Crawl Stone Soup version 0.27-a0-1006-g1fd4cec11e (webtiles) character file.

Game seed: 16618989742642028989

82 voltaire321 the Poker (level 4, -1/34 HPs)
             Began as a Merfolk Gladiator on Apr 17, 2021.
             Slain by an orc wizard
             ... wielding a +0 dagger
              (2 damage)
             ... on level 3 of the Dungeon.
             The game lasted 00:07:22 (1935 turns).

voltaire321 the Poker (Merfolk Gladiator)           Turns: 1935, Time: 00:07:23

Health: -1/34      AC:  4    Str: 14    XL:     4   Next: 43%
Magic:  5/5        EV: 13    Int:  8    God:
Gold:   115        SH:  0    Dex: 15    Spells: 4/5 levels left

rFire    . . .     SeeInvis .   a - +0 trident
rCold    . . .     Faith    .   h - +0 buckler
rNeg     . . .     Spirit   .   b - +0 leather armour
rPois    .         Reflect  .   c - +0 helmet
rElec    .         Harm     .   (no cloak)
rCorr    .         Rampage  .   (no gloves)
Will     .....                  (no boots)
Stlth    +.........             (no amulet)
HPRegen  0.11/turn              (no ring)
MPRegen  0.09/turn              (no ring)

@: confused
A: (nimble swimmer 2), mertail
a: no special abilities


You were on level 3 of the Dungeon.
You visited 1 branch of the dungeon, and saw 3 of its levels.

You collected 115 gold pieces.

Inventory:

Hand Weapons
 a - a +0 trident (weapon)
Missiles
 d - 3 throwing nets (quivered)
Armour
 b - a +0 leather armour (worn)
 c - a +0 helmet (worn)
 h - a +0 buckler (worn)
Scrolls
 g - a scroll of identify {unknown}
 k - a scroll of enchant armour {unknown}
 m - a scroll of amnesia {unknown}
Potions
 e - a potion of berserk rage {unknown}
 f - a potion of haste {unknown}
 i - 3 potions of curing {unknown}
 j - a potion of ambrosia {unknown}
 l - 2 potions of might {unknown}


   Skills:
 + Level 2.8 Fighting
 + Level 5.1 Polearms
 - Level 2.0 Throwing
 + Level 4.6 Dodging
 + Level 1.0 Shields
 + Level 1.3 Spellcasting
 + Level 0.8 Conjurations


You had 4 spell levels left.
You knew the following spells:

 Your Spells              Type           Power      Damage    Failure   Level
a - Magic Dart            Conj           4%         1d3       45%         1

Your spell library contained the following spells:

 Spells                   Type           Power      Damage    Failure   Level
 Searing Ray              Conj           2%         3d3       58%         2
 Dazzling Flash           Conj/Hex       2%         N/A       87%         3
 Fulminant Prism          Conj/Hex       0%         3d6       99%         4
 Iskenderun's Mystic Bla  Conj/Tloc      1%         2d3       99%         4


Dungeon Overview and Level Annotations

Branches:
Dungeon (3/15)

Altars:


Innate Abilities, Weirdness & Mutations

((You are quick and stealthy near water. (Stealth+, EV+, Speed+++)))
Your lower body shifts to a powerful aquatic tail in water.


Message History

You puncture the orc!
You kill the orc!
You puncture the orc!
You kill the orc!
You hit the orc wizard.
The orc wizard is moderately wounded.
The orc wizard closely misses you.
You hit the orc wizard but do no damage.
The orc wizard is moderately wounded.
The orc wizard closely misses you.
You puncture the orc wizard!
The orc wizard is almost dead.
The orc wizard gestures at you while chanting.
The magic dart hits you!
You hit the orc wizard but do no damage.
The orc wizard is almost dead.
The orc wizard casts a spell at itself.
The orc wizard flickers and vanishes!
Deactivating autopickup; reactivate with Ctrl-A.
Your shield prevents you from hitting something.
Something hits you.
* * * LOW HITPOINT WARNING * * *
You miss something. Something hits you but does no damage.
You closely miss something. Something hits you but does no damage.
You hear some strange, mumbled words.
A puff of flame appears from out of thin air!
The puff of flame misses you.
You miss something.
You hear some strange, mumbled words.
You are confused.
You bump into the rock wall.
Something hits you but does no damage.
You bump into the rock wall.
Something hits you.
* * * LOW HITPOINT WARNING * * *
You miss something. Something hits you.
* * * LOW HITPOINT WARNING * * *
You closely miss something.
You hear some strange, mumbled words.
You are more confused.
You hit something. Something hits you.
You die...

##### #...# ..# #.<.#
..##### #...# .......
###...# ##.......
.....+ .........
.#...# #........
...#...###........
.......{@.........
.>......###........
....... #.#######
###.... #.# ###'# #.#
#.#.#
#####.####.##########
#.#.#
#...#...............#
#.#.#
#...######.########.#
#.#.#
#...##..........# #.#


There were no monsters in sight!

Vanquished Creatures
  4 adders (D:2)
  2 dart slugs
  4 orcs (D:3)
  6 bats
  2 endoplasms
  A giant cockroach (D:3)
  3 goblins (D:1)
  3 hobgoblins
  3 ball pythons
  5 frilled lizards
  4 kobolds (D:1)
  4 rats
41 creatures vanquished.

Notes
Turn   | Place    | Note
-------+----------+-------------------------------------------
     0 | D:1      | voltaire321 the Merfolk Gladiator began the quest for the
                  | Orb.
     0 | D:1      | Reached XP level 1. HP: 16/16 MP: 1/1
   251 | D:1      | Reached XP level 2. HP: 23/23 MP: 2/2
   440 | D:1      | Found a faded altar of an unknown god.
   511 | D:1      | Learned a level 1 spell: Magic Dart
   683 | D:2      | Reached XP level 3. HP: 20/28 MP: 4/4
   886 | D:2      | Reached skill level 1 in Spellcasting
  1297 | D:2      | Reached skill level 5 in Polearms
  1297 | D:2      | Reached XP level 4. HP: 29/34 MP: 5/5
  1913 | D:3      | Reached skill level 1 in Shields
  1933 | D:3      | HP: 1/34 [something (4)]
  1935 | D:3      | Slain by an orc wizard

Illustrated notes

Levels and vault maps discovered:
D:1:      erik_arrival_orb_chamber, layout_rooms, ebering_ecumenical_altar_mist,
          minmay_3d_cube
D:2:      layout_rooms, minivault_5
D:3:      layout_basic

Skill      XL: |  1  2  3  4 |
---------------+-------------+-----
Spellcasting   | 1 |  1.3
Polearms       | 5 |  5.1
Shields        | 1 |  1.0
Fighting       | |  2.8
Throwing       | |  2.0
Dodging        | |  4.6
Conjurations   | |  0.8

Action                   |  1- 3 |  4- 6 || total
-------------------------+-------+-------++-------
Melee: Trident           |    85 |    52 ||   137
 Stab: Sleeping          |       |     1 ||     1
Armor: Leather armour    |    19 |    10 ||    29
Dodge: Dodged            |    46 |    22 ||    68
Block: Buckler           |     9 |     6 ||    15

Table legend: (Time is in decaauts)
 A = Elapsed time spent in this place.
 B = Non-inter-level travel time spent in this place.
 C = Inter-level travel time spent in this place.
 D = Time resting spent in this place.
 E = Time spent auto-exploring this place.
 F = Levels seen in this place.
 G = Mean time per level.
                   A        B        C        D        E       F      G
               +--------+--------+--------+--------+--------+-----+--------+
         Total |   1950 |   1911 |     39 |    529 |    881 |   3 |  650.0 |
       Dungeon |   1950 |   1911 |     39 |    529 |    881 |   3 |  650.0 |
               +--------+--------+--------+--------+--------+-----+--------+

Top non-repeatable levels by time:
     D:2: 1013 daAuts
     D:1: 666 daAuts
     D:3: 270 daAuts
